 Dungeon Crawl Stone Soup version 0.26.1-11-gd32895ea62 (webtiles) character file.

Game seed: 17895904779444721858

93127 ubername the Eclecticist (level 16, -5/109 HPs)
             Began as a Barachi Ice Elementalist on July 24, 2021.
             Was an Elder of Vehumet.
             Slain by Snorg (18 damage)
             ... on level 4 of the Lair of Beasts.
             The game lasted 02:09:35 (41403 turns).

ubername the Eclecticist (BaIE)                    Turns: 41403, Time: 02:09:35

Health: -5/109     AC: 14    Str: 11    XL:     16   Next: 7%
Magic:  3/36       EV: 14    Int: 25    God:    Vehumet [****..]
Gold:   1450       SH:  4    Dex: 13    Spells: 14/48 levels left

rFire    + + .     SeeInvis .   b - +8 long sword (freeze)
rCold    . . .     Faith    .   G - +0 buckler
rNeg     . . .     Spirit   .   P - +3 acid dragon scales
rPois    .         Reflect  .   Y - -2 hat of the Ditch-Digger {rF+ rCorr Int+4}
rElec    .         Harm     .   N - +1 cloak {rCorr}
rCorr    +         Rampage  .   E - +1 pair of gloves
Will     +....                  C - +0 pair of boots
Stlth    ++........             x - amulet of regeneration
HPRegen  0.68/turn              u - ring of wizardry
MPRegen  0.25/turn              g - ring of protection from fire

@: can't hop, hasted, quick
A: +LOS, swims, slowness 1, strong legs 2
a: Hop, Renounce Religion


You were on level 4 of the Lair of Beasts.
You worshipped Vehumet.
Vehumet was greatly pleased with you.
You visited 3 branches of the dungeon, and saw 22 of its levels.
You also visited: Sewer.

You collected 1516 gold pieces.
You spent 66 gold pieces at shops.

Inventory:

Hand Weapons
 b - a +8 long sword of freezing (weapon)
 i - a +5 scimitar of flaming
 J - a +3 long sword of holy wrath
Missiles
 q - 72 poisoned darts (quivered)
 s - 20 javelins
 z - 8 atropa-tipped darts
 A - 46 boomerangs
 T - 7 curare-tipped darts
Armour
 C - a +0 pair of boots (worn)
 E - a +1 pair of gloves (worn)
 G - a +0 buckler (worn)
 N - a +1 cloak of preservation (worn)
 P - +3 acid dragon scales (worn)
 Y - the -2 hat of the Ditch-Digger (worn) {rF+ rCorr Int+4}
   (You found it on level 13 of the Dungeon)

   It affects your intelligence (+4).
   It protects you from fire.
   It provides partial protection from all sources of acid and corrosion.
Magical Staves
 a - an uncursed staff of cold
Jewellery
 f - an uncursed ring of fire
 g - a ring of protection from fire (right hand)
 j - an uncursed ring of positive energy {unknown}
 l - an uncursed ring of willpower
 t - an uncursed ring of flight {unknown}
 u - a ring of wizardry (left hand)
 x - an amulet of regeneration (around neck)
 Z - an uncursed ring of poison resistance
Wands
 o - a wand of flame (64)
 y - a wand of polymorph (29)
 Q - a wand of disintegration (15)
 R - a wand of iceblast (17)
 S - a wand of paralysis (8)
 X - a wand of digging (1)
Scrolls
 d - 4 scrolls of teleportation
 e - 3 scrolls of fog
 r - 2 scrolls of fear
 D - 3 scrolls of identify
 K - 6 scrolls of amnesia
 L - a scroll of vulnerability
 M - 2 scrolls of brand weapon
 V - 3 scrolls of remove curse
Potions
 c - 11 potions of curing
 h - 3 potions of haste
 k - 6 potions of flight
 m - a potion of might
 n - a potion of heal wounds
 p - 3 potions of ambrosia
 w - 3 potions of brilliance
 B - a potion of resistance
 F - 2 potions of invisibility
 H - a potion of magic
 O - a potion of lignification
Miscellaneous
 I - a phial of floods
 U - a condenser vane
 W - a box of beasts


   Skills:
 + Level 5.1 Fighting
 - Level 3.1(5.2) Short Blades
 + Level 7.1(7.5) Long Blades
 + Level 5.0 Throwing
 + Level 5.5 Armour
 + Level 6.2 Dodging
 + Level 4.3 Stealth
 - Level 2.8 Shields
 * Level 16.5 Spellcasting
 * Level 8.3 Conjurations
 + Level 1.1 Summonings
 + Level 1.0 Translocations
 + Level 14.1 Ice Magic
 * Level 13.2 Air Magic
 + Level 0.6 Evocations


You had 14 spell levels left.
You knew the following spells:

 Your Spells              Type           Power        Failure   Level
a - Freeze                Ice            100%         0%          1
b - Frozen Ramparts       Ice            100%         1%          3
c - Ozocubu's Armour      Ice            75%          1%          3
d - Shock                 Conj/Air       100%         1%          1
e - Searing Ray           Conj           100%         1%          2
f - Hailstorm             Conj/Ice       67%          1%          4
g - Airstrike             Air            36%          1%          4
h - Mephitic Cloud        Conj/Pois/Air  54%          1%          3
i - Summon Lightning Spi  Summ/Air       54%          1%          4
j - Iskenderun's Mystic   Conj/Tloc      44%          1%          4
k - Irradiate             Conj/Tmut      20%          2%          5

Your spell library contained the following spells:

 Spells                   Type           Power        Failure   Level
 Animate Skeleton         Necr           40%          1%          1
 Apportation              Tloc           52%          1%          1
 Corona                   Hex            22%          1%          1
 Sandblast                Erth           40%          1%          1
 Summon Small Mammal      Summ           100%         1%          1
 Call Imp                 Summ           26%          1%          2
 Stone Arrow              Conj/Erth      82%          1%          3
 Summon Ice Beast         Ice/Summ       56%          1%          4
 Passwall                 Tmut/Erth      16%          2%          2
 Call Canine Familiar     Summ           26%          3%          3
 Summon Guardian Golem    Hex/Summ       23%          4%          3
 Lee's Rapid Deconstruct  Erth           10%          13%         5
 Petrify                  Tmut/Erth      20%          17%         4


Dungeon Overview and Level Annotations

Branches:
Dungeon (15/15)            Temple (1/1) D:7            Lair (6/6) D:9
  Swamp (0/4) Lair:4       Spider (0/4) Lair:3          Orc (0/2) D:11
 Vaults (0/5) D:14          Sewer (visited)
  Slime: Lair:5-6    Depths: D:15

Altars:
Ashenzari
Cheibriados
Dithmenos
Elyvilon
Fedhas
Gozag
Kikubaaqudgha
Makhleb
Nemelex Xobeh
Okawaru
Qazlal
Ru
Sif Muna
Trog
Uskayaw
Vehumet
Wu Jian
Xom
Yredelemnul
Zin
The Shining One
Beogh

Shops:
D:4 ?   D:7 (   D:14 (*

Portals:
Ice
Cave: Lair:6

Annotations:
D:9 Erolcha
Lair:4 Snorg


Innate Abilities, Weirdness & Mutations

You can be seen from farther away. (+LOS)
You can swim through water.
You cover ground slowly.
You can hop long distances.


Message History

Snorg barely misses you. Snorg bites you!!
* * * LOW HITPOINT WARNING * * *
Snorg barely misses you. Snorg claws you!
* * * LOW HITPOINT WARNING * * *
Okay, then.
Unknown command.
As you read the scroll of fear, it crumbles to dust.
You assume a fearsome visage.
Snorg bites you!
* * * LOW HITPOINT WARNING * * *
Snorg closely misses you. x2
You feel much better. Snorg misses you. Snorg barely misses you.
Snorg claws you! Snorg bites you!
* * * LOW HITPOINT WARNING * * *
Snorg barely misses you. You block Snorg's attack.
Okay, then.
You feel yourself speed up. Snorg bites you!
* * * LOW HITPOINT WARNING * * *
Snorg closely misses you. Snorg misses you. Snorg bites you!!
You die...

♣♣§≈♣♣♣ ####...##.###
######
♣§§§§≈♣###P.##..##[..#
♣♣§§§§♣....>....##..####
♣§§§≈§♣................#
♣♣≈♣♣♣♣.#####..P......##
♣♣♣ ♣#.######...##.#.#
##...#P#P.........##
####.#.......P........#
#.###...#..#...@..#..##
##...#..####...T.....#
##.##.....###....#(P..#
..###.P..#.#..........#
..# ##............##.##
..###.#...##.....##...#
##.##............###.##
.................###.#
#.P.#.#..####.#..#.#.#


You could see Snorg (berserk).

Vanquished Creatures
  Azrael (D:13)
  4 entropy weavers (Lair:4)
  Josephine (D:14)
  6 boulder beetles
  3 vault guards (D:14)
  3 hydras
  3 centaur warriors
  3 ghost crabs (Lair:4)
  6 two-headed ogres
  An ogre mage (D:15)
  7 death yaks
  2 tengu warriors
  Urug (D:11)
  Sonja (D:13)
  A deep elf knight (D:11)
  4 fire crabs (Lair:4)
  3 unseen horrors (D:14)
  4 wizards
  2 necromancers (D:14)
  4 lindwurms
  2 orc knights
  Pikel (D:7)
  3 cyclopes
  A wolf spider (D:13)
  22 ugly things
  9 elephants
  Maurice (D:8)
  Joseph (D:7)
  2 centaur zombies
  2 black mambas (Lair:5)
  An apocalypse crab (Lair:4)
  Psyche (D:8)
  6 gargoyles
  Maggie (D:6)
  7 cane toads
  5 rime drakes
  8 komodo dragons
  5 trolls
  A polar bear (Lair:2)
  A queen bee (shapeshifter) (D:13)
  2 tengu conjurers (D:13)
  4 jumping spiders
  A meliai (D:15)
  9 slime creatures
  3 hornets
  5 blink frogs
  Sigmund (D:4)
  4 redbacks
  3 shadows
  A water elemental (D:14)
  6 wyverns
  6 wraiths
  4 fire elementals
  43 yaks
  23 humans
  A basilisk (Lair:2)
  A steam dragon (Lair:2)
  Grum (D:8)
  3 vampire mosquitoes (D:10)
  Menkaure (D:6)
  6 water moccasins
  2 hell hounds (D:13)
  7 orc warriors
  5 ice beasts
  7 phantoms
  2 sky beasts
  5 black bears
  3 wolves (D:8)
  8 ogres
  A necrophage (D:8)
  12 centaurs
  2 lemures (D:7)
  2 big kobolds
  23 bullfrogs
  A wyvern zombie (D:13)
  A water moccasin zombie (D:11)
  A scorpion (Lair:3)
  6 killer bees (D:12)
  5 howler monkeys
  21 wights
  2 electric eels
  2 bullfrog zombies
  3 lava snakes (D:13)
  5 jellies
  8 hounds
  7 orc priests
  2 bullfrog skeletons
  13 orc wizards
  7 centaur skeletons
  Jessica (D:3)
  Ijyb (D:5)
  6 worker ants
  2 hound skeletons (D:11)
  A worker ant zombie (D:11)
  Robin (D:4)
  12 gnolls
  7 adders
  6 river rats (Sewer)
  2 shadow imps (D:10)
  3 white imps
  4 ufetubi
  2 oozes
  2 adder skeletons
  2 adder zombies (D:5)
  3 worms
  2 dart slugs
  4 leopard geckos
  49 orcs
  4 giant cockroaches
  15 goblins
  13 hobgoblins
  8 jackals
  4 quokkas
  6 ball pythons
  6 bats
  10 frilled lizards
  A giant cockroach zombie (D:5)
  A jackal zombie (D:8)
  15 kobolds
  22 rats
646 creatures vanquished.

Vanquished Creatures (others)
  38 fungi
  74 plants
112 creatures vanquished.

Grand Total: 758 creatures vanquished

Notes
Turn   | Place    | Note
-------+----------+-------------------------------------------
     0 | D:1      | ubername the Barachi Ice Elementalist began the quest for
                  | the Orb.
     0 | D:1      | Reached XP level 1. HP: 13/13 MP: 3/3
    42 | D:1      | Reached skill level 5 in Ice Magic
   558 | D:1      | Reached XP level 2. HP: 19/19 MP: 1/5
  1492 | D:1      | Reached XP level 3. HP: 20/24 MP: 1/6
  1712 | D:1      | Learned a level 3 spell: Frozen Ramparts
  1716 | D:1      | Learned a level 3 spell: Ozocubu's Armour
  2206 | D:2      | HP: 1/24 [kobold/+0 whip (4)]
  2619 | D:2      | Found a blossoming altar of Fedhas.
  2629 | D:2      | Reached XP level 4. HP: 30/30 MP: 0/8
  2654 | D:2      | Reached skill level 1 in Short Blades
  2658 | D:2      | Reached skill level 3 in Spellcasting
  2687 | D:2      | Reached XP level 5. HP: 20/36 MP: 1/9
  2936 | D:2      | Found a radiant altar of Vehumet.
  2959 | D:2      | Became a worshipper of Vehumet
  3398 | D:3      | Found a basalt altar of Yredelemnul.
  3398 | D:3      | Noticed Jessica
  3406 | D:3      | Killed Jessica
  3909 | D:3      | Found a glowing drain.
  3943 | Sewer    | Entered a sewer
  4034 | Sewer    | Reached * piety under Vehumet
  4034 | Sewer    | Offered knowledge of Shock by Vehumet.
  4104 | Sewer    | Learned a level 1 spell: Shock
  4159 | Sewer    | Reached XP level 6. HP: 26/42 MP: 11/11
  5348 | D:4      | Reached skill level 1 in Throwing
  5349 | D:4      | Reached skill level 4 in Spellcasting
  5430 | D:4      | Noticed Robin
  5448 | D:4      | Reached skill level 1 in Fighting
  5448 | D:4      | Reached XP level 7. HP: 19/48 MP: 1/13
  5474 | D:4      | Offered knowledge of Searing Ray by Vehumet.
  5554 | D:4      | Noticed Sigmund
  5564 | D:4      | Reached ** piety under Vehumet
  5574 | D:4      | Killed Robin
  5687 | D:4      | Found Lamus's Magic Scroll Shop.
  5772 | D:4      | Learned a level 2 spell: Searing Ray
  6650 | D:4      | Found a shimmering blue altar of Sif Muna.
  6923 | D:4      | Killed Sigmund
  6924 | D:4      | Reached skill level 5 in Spellcasting
  6924 | D:4      | Reached skill level 1 in Conjurations
  6924 | D:4      | Reached skill level 1 in Air Magic
  7082 | D:5      | Entered Level 5 of the Dungeon
  7154 | D:5      | Found a burning altar of Makhleb.
  7154 | D:5      | Noticed a balrug
  7157 | D:5      | Noticed an orange demon
  7157 | D:5      | Noticed a neqoxec
  7828 | D:5      | Noticed Ijyb
  7839 | D:5      | Killed Ijyb
  7840 | D:5      | Reached XP level 8. HP: 53/54 MP: 4/16
  8316 | D:5      | Learned a level 4 spell: Hailstorm
  8406 | D:5      | Reached skill level 6 in Spellcasting
  9407 | D:6      | Found a white marble altar of Elyvilon.
  9407 | D:6      | Noticed Menkaure
  9445 | D:6      | Killed Menkaure
 10041 | D:6      | Reached skill level 7 in Spellcasting
 10041 | D:6      | Reached XP level 9. HP: 59/59 MP: 2/19
 10861 | D:6      | Noticed Maggie
 10881 | D:6      | Killed Maggie
 11708 | D:7      | Noticed Joseph
 11715 | D:7      | Found Epaghiw's Weapon Shoppe.
 11806 | D:7      | Noticed Pikel
 11816 | D:7      | Killed Pikel
 11816 | D:7      | Offered knowledge of Static Discharge by Vehumet.
 11817 | D:7      | Reached skill level 1 in Long Blades
 11817 | D:7      | Reached skill level 1 in Armour
 11817 | D:7      | Reached skill level 8 in Spellcasting
 11974 | D:7      | Found a broken altar of Ashenzari.
 12094 | D:7      | Found a staircase to the Ecumenical Temple.
 12131 | Temple   | Entered the Ecumenical Temple
 12803 | D:8      | Noticed Grum
 12811 | D:8      | Killed Grum
 12815 | D:8      | Reached XP level 10. HP: 64/67 MP: 10/22
 13353 | D:8      | Found a glowing silver altar of Zin.
 13412 | D:8      | Noticed a two-headed ogre
 13427 | D:8      | Reached *** piety under Vehumet
 13429 | D:8      | Killed a two-headed ogre
 13430 | D:8      | Reached skill level 9 in Spellcasting
 13672 | D:8      | Noticed Maurice
 13864 | D:9      | Reached skill level 5 in Dodging
 13866 | D:9      | Reached skill level 10 in Ice Magic
 13965 | D:9      | Noticed a gargoyle
 13969 | D:9      | Killed a gargoyle
 14007 | D:9      | Noticed a gargoyle
 14010 | D:9      | Killed a gargoyle
 14019 | D:9      | Noticed a gargoyle
 14024 | D:9      | Killed a gargoyle
 14081 | D:9      | Noticed a gargoyle
 14085 | D:9      | Killed a gargoyle
 14137 | D:9      | Noticed a gargoyle
 14142 | D:9      | Killed a gargoyle
 14143 | D:9      | Reached XP level 11. HP: 56/74 MP: 19/24
 14222 | D:9      | Offered knowledge of Airstrike by Vehumet.
 14228 | D:9      | Learned a level 4 spell: Airstrike
 14287 | D:9      | Reached skill level 10 in Spellcasting
 14365 | D:9      | Found an opulent altar of Gozag.
 14486 | D:9      | Found a staircase to the Lair.
 14602 | D:9      | Found a hide-covered altar of Uskayaw.
 14701 | D:9      | Noticed Erolcha
 14762 | D:10     | Entered Level 10 of the Dungeon
 14921 | D:10     | Noticed a five-headed hydra
 14928 | D:10     | Killed a five-headed hydra
 15244 | D:10     | Reached **** piety under Vehumet
 16155 | D:10     | Offered knowledge of Mephitic Cloud by Vehumet.
 16989 | D:10     | Learned a level 3 spell: Mephitic Cloud
 17115 | D:11     | Noticed a green ugly thing
 17563 | D:11     | Noticed Urug
 17602 | D:11     | Noticed a deep elf knight
 17621 | D:11     | Noticed a wizard
 17625 | D:11     | Killed a wizard
 17626 | D:11     | Reached skill level 11 in Spellcasting
 17626 | D:11     | Reached skill level 5 in Air Magic
 17932 | D:11     | Noticed a wizard
 17936 | D:11     | Noticed a wizard
 17937 | D:11     | Killed a wizard
 17957 | D:11     | Killed a wizard
 17958 | D:11     | Reached skill level 5 in Long Blades
 17958 | D:11     | Reached XP level 12. HP: 35/83 MP: 14/27
 18178 | D:11     | Reached skill level 1 in Shields
 18319 | D:11     | Found a roughly hewn altar of Beogh.
 18319 | D:11     | Found a staircase to the Orcish Mines.
 18653 | D:12     | HP: 4/83 [skeletal warrior/cursed -1 war axe[a skeletal
                  | warrior] (12)]
 19001 | D:12     | Learned a level 4 spell: Summon Lightning Spire
 19019 | D:12     | Reached skill level 1 in Summonings
 20694 | D:11     | Killed a deep elf knight
 21475 | D:11     | Killed Urug
 22655 | D:8      | Noticed Psyche
 22658 | D:8      | Killed Psyche
 22814 | D:8      | Killed Maurice
 22846 | D:8      | Reached skill level 12 in Spellcasting
 23639 | D:7      | Killed Joseph
 24269 | D:13     | Reached ***** piety under Vehumet
 24269 | D:13     | Offered knowledge of Iskenderun's Mystic Blast by Vehumet.
 24275 | D:13     | Learned a level 4 spell: Iskenderun's Mystic Blast
 24299 | D:13     | Noticed Azrael
 24363 | D:13     | Killed Azrael
 24636 | D:13     | Noticed a two-headed ogre
 24640 | D:13     | Killed a two-headed ogre
 24641 | D:13     | Gained mutation: You can hop long distances. [Barachi
                  | growth]
 24641 | D:13     | Reached XP level 13. HP: 84/88 MP: 6/29
 25177 | D:13     | Noticed Sonja
 25192 | D:13     | Killed Sonja
 25684 | D:13     | Found a runed translucent door.
 26445 | D:14     | HP: 4/88 [centaur warrior/arrow (18)]
 26800 | D:14     | Reached skill level 13 in Spellcasting
 26945 | D:14     | Noticed Josephine
 27144 | D:14     | Found Ichar's Weapon Shoppe.
 27586 | D:14     | Reached skill level 5 in Throwing
 27803 | D:14     | Found Oroiniq's Assorted Antiques.
 27808 | D:14     | Bought a scroll of teleportation for 66 gold pieces
 27842 | D:14     | Killed Josephine
 27871 | D:14     | Reached skill level 10 in Air Magic
 28032 | D:14     | Noticed a vault guard
 28032 | D:14     | Found a gate to the Vaults.
 28033 | D:14     | Noticed a vault guard
 28381 | D:14     | Offered knowledge of Irradiate by Vehumet.
 28382 | D:14     | Reached XP level 14. HP: 95/95 MP: 8/31
 28531 | D:14     | Learned a level 5 spell: Irradiate
 28644 | D:14     | Reached skill level 14 in Spellcasting
 28648 | D:14     | Reached skill level 5 in Conjurations
 29721 | D:15     | Entered Level 15 of the Dungeon
 29748 | D:15     | Reached skill level 5 in Armour
 30571 | D:15     | HP: 3/96 [fire dragon/blast of flame (19)]
 30936 | D:15     | Found a shadowy altar of Dithmenos.
 31499 | D:15     | Reached skill level 15 in Spellcasting
 32162 | D:13     | Got a steaming hat
 32455 | D:13     | Got an ancient garnet amulet
 32466 | D:13     | Identified the -2 hat of the Ditch-Digger {rF+ rCorr Int+4}
                  | (You found it on level 13 of the Dungeon)
 32485 | D:13     | Identified the amulet "Hapuneno" {Faith Int-5 Dex+3 Slay+2
                  | Stlth+} (You found it on level 13 of the Dungeon)
 32866 | Lair:1   | Entered Level 1 of the Lair of Beasts
 33085 | Lair:1   | Reached XP level 15. HP: 101/101 MP: 9/34
 36359 | Lair:2   | Got a spiked scale mail
 36376 | Lair:2   | Identified the +0 scale mail "Earthly Heaven" {*Corrode
                  | Regen+ Int+3} (You found it on level 2 of the Lair of
                  | Beasts)
 37941 | Lair:3   | Found a hole to the Spider Nest.
 38856 | Lair:4   | Found a runed translucent door.
 38872 | Lair:4   | Reached skill level 16 in Spellcasting
 39519 | Lair:4   | Reached skill level 1 in Translocations
 40059 | Lair:4   | You fall into a shaft and drop 2 floors!
 40059 | Lair:6   | Entered Level 6 of the Lair of Beasts
 40117 | Lair:6   | Reached skill level 5 in Fighting
 40148 | Lair:6   | Reached XP level 16. HP: 72/109 MP: 12/36
 40278 | Lair:6   | Found a frozen archway.
 40438 | Lair:4   | Found a staircase to the Swamp.
 41376 | Lair:5   | Noticed Snorg
 41403 | Lair:4   | Slain by Snorg

Illustrated notes

Levels and vault maps discovered:
D:1:      eino_arrival_water_star, layout_loops_corners, minmay_split_cup_large
D:2:      layout_rooms, fedhas_altar_3, nicolae_overflow_crystal_walls,
          amcnicky_mini_pool_small, wander_ebering_terrifying_dragon_lair
D:3:      layout_basic, yredelemnul_altar_generic,
          cheibrodos_sewer_entry_sluice, uniq_jessica
D:4:      layout_layer_cave, lemuel_doored_altar, serial_shops,
          kennysheep_mini_moat, uniq_robin, uniq_sigmund
D:5:      layout_basic, makhleb_altar_promises_db,
          chequers_serial_rivers_small_3, uniq_ijyb
D:6:      layout_loops_ring, elyvilon_altar_1, grunt_decor_cap, uniq_menkaure,
          uniq_maggie
D:7:      layout_basic, ashenzari_conservatory_becter,
          minmay_temple_entry_proselytizer, enter_bailey_4, serial_shops, shop,
          uniq_joseph, uniq_pikel
D:8:      layout_basic, basic_altar, uniq_psyche, uniq_grum, uniq_maurice
D:9:      cheibrodos_statue_roulette, layout_irregular_city,
          nzn_hepliaklqana_mist_gate, dpeg_oklobed_lair, basic_altar,
          minivault_25, nicolae_gozag_seed_capital, uniq_erolcha
D:10:     layout_gridville, minmay_ruffians
D:11:     layout_cave_pools, david_orc_5, nrook_pool_corridor, sword_in_stone
D:12:     layout_roguey
D:13:     gammafunk_indiana_jones, layout_loops_ring, corexii_leaking_fountain,
          uniq_sonja, uniq_azrael
D:14:     layout_rooms, grunt_vaults_entry_tiered, chequers_big_river,
          serial_shops, shop, shop, uniq_josephine
D:15:     grunt_enter_depths_hoard, layout_basic,
          nicolae_dithmenos_through_a_glass_darkly, minmay_diced_spiral
Temple:   dpeg_chambers_temple
Lair:1:   layout_concentric_octagons, lemuel_fruit_tree
Lair:2:   nzn_winding_woodlands_three_and_one
          [nzn_winding_woodlands_5x15_split_checker,
          nzn_winding_woodlands_5x15_sidewinder, nzn_winding_woodlands_5x15_eye,
          nzn_winding_woodlands_center_pierced_h], layout_long_grid,
          beast_lair_carwin_8
Lair:3:   cheibrodos_lair_overgrown_chateau, layout_chaotic_city,
          spider_nest_entry_funnel_web, infiniplex_staircase_pool
Lair:4:   gammafunk_mikee_crab_dinner, layout_loops_ring,
          minmay_swamp_entry_worms
Lair:5:   layout_misc_corridors, slime_altar_2, maelrawn_ghost_gauntlet_escape,
          basic_altar, minivault_29, grunt_megastairs_4, uniq_snorg
Lair:6:   guppyfry_lair_end_dragon, layout_gridlike, wormcave,
          portal_ice_cave_entry_pillars_2, lemuel_fruit_fields

Skill      XL: |  1  2  3  4  5  6  7  8  9 10 11 12 13 14 15 |
---------------+----------------------------------------------+-----
Ice Magic      | 5 6 7 9 10 11 12 13 14 | 14.1
Dodging        | 3 4 5 6 |  6.2
Stealth        | 2 3 4 |  4.3
Short Blades   | 1 2 3 |  3.1
Spellcasting   | 3 4 5 7 8 9 11 12 13 15 16 | 16.5
Throwing       | 1 2 3 4 5 |  5.0
Fighting       | 1 2 3 4 5 |  5.1
Conjurations   | 1 2 3 4 6 8 |  8.3
Air Magic      | 1 5 8 10 11 13 | 13.2
Long Blades    | 1 3 5 6 7 |  7.1
Armour         | 2 3 4 5 |  5.5
Shields        | 2 |  2.8
Summonings     | 1 |  1.1
Translocations | 1 |  1.0
Evocations     | |  0.6

Action                   |  1- 3 |  4- 6 |  7- 9 | 10-12 | 13-15 | 16-18 || total
-------------------------+-------+-------+-------+-------+-------+-------++-------
Melee: Hand axe          |     5 |       |       |       |       |       ||     5
       Dagger            |    71 |       |       |       |       |       ||    71
       Short sword       |    22 |    82 |    54 |       |       |       ||   158
       Scimitar          |       |       |    18 |   177 |    19 |       ||   214
       Long sword        |       |       |       |    33 |   190 |     8 ||   231
       Staff             |       |       |       |       |    10 |       ||    10
Throw: Dart              |     8 |    27 |    23 |    43 |    34 |       ||   135
       Boomerang         |       |       |     9 |    50 |       |       ||    59
 Cast: Freeze            |    18 |     6 |     2 |    28 |    48 |     2 ||   104
       Frozen Ramparts   |     3 |    24 |    21 |    55 |    71 |     5 ||   179
       Ozocubu's Armour  |     3 |     7 |    29 |    63 |    84 |     4 ||   190
       Shock             |       |    11 |    22 |    11 |     1 |       ||    45
       Searing Ray       |       |       |    37 |    36 |    61 |       ||   134
       Hailstorm         |       |       |     5 |    14 |    29 |       ||    48
       Airstrike         |       |       |       |   125 |   273 |    28 ||   426
       Mephitic Cloud    |       |       |       |     2 |     1 |       ||     3
       Iskenderun's Myst |       |       |       |     3 |    40 |     5 ||    48
       Summon Lightning  |       |       |       |     1 |       |       ||     1
       Irradiate         |       |       |       |       |     3 |     1 ||     4
 Abil: Hop               |     2 |     2 |     3 |    12 |    17 |     2 ||    38
Evoke: Phial of floods   |       |       |       |     1 |       |       ||     1
       Wand              |       |       |       |       |     1 |       ||     1
  Use: Scroll            |       |    10 |     7 |    13 |    29 |     2 ||    61
       Potion            |       |       |       |    10 |     3 |     4 ||    17
 Stab: Sleeping          |     1 |     8 |       |       |       |       ||     9
       Distracted        |       |       |     1 |       |       |       ||     1
Armor: Robe              |    41 |    21 |    35 |       |       |       ||    97
       Acid dragon scale |       |       |    14 |   179 |   270 |    13 ||   476
Dodge: Dodged            |    76 |    98 |   137 |   211 |   280 |    24 ||   826
Block: Buckler           |       |       |       |    39 |    97 |     2 ||   138
       Rpst.: Scimitar   |       |       |    13 |    48 |     4 |       ||    65
       Long sword        |       |       |       |    10 |    54 |     3 ||    67
